 Dungeon Crawl Stone Soup version 0.30.1-11-g7821555f0a (webtiles) character file.

Game seed: 13344955117230014594

121 leoleoleoleo212121 the Shooter (level 5, -6/38 HPs)
             Began as a Human Hunter on Dec 22, 2023.
             Was a Follower of Okawaru.
             Killed by divine providence
             ... invoked by an orc priest
              (17 damage)
             ... on level 3 of the Dungeon.
             The game lasted 00:04:07 (2099 turns).

leoleoleoleo212121 the Shooter (Human Hunter)       Turns: 2099, Time: 00:04:07

Health: -6/38      AC:  3    Str: 11    XL:     5   Next: 26%
Magic:  5/5        EV: 12    Int:  9    God:    Okawaru [*.....]
Gold:   138        SH:  0    Dex: 19    Spells: 4/4 levels left

rFire   . . .        a - +0 shortbow
rCold   . . .        (shield currently unavailable)
rNeg    . . .        c - +0 leather armour
rPois   .            (no helmet)
rElec   .            (no cloak)
rCorr   .            (no gloves)
SInv    .            (no boots)
Will    .....        (no amulet)
Stlth   ++           (no ring)
HPRegen 0.26/turn    (no ring)
MPRegen 0.09/turn

%: no passive effects
@: no status effects
A: no striking features
a: Renounce Religion, Heroism


You were on level 3 of the Dungeon.
You worshipped Okawaru.
Okawaru was aware of your devotion.
You visited 1 branch of the dungeon, and saw 3 of its levels.

You collected 138 gold pieces.

Inventory:

Hand Weapons
 a - a +0 shortbow (weapon)
Missiles
 m - 5 stones
 n - 6 poisoned darts
Armour
 c - a +0 leather armour (worn)
Scrolls
 b - 2 scrolls of immolation
 d - a scroll of vulnerability {unknown}
 e - a scroll of poison {unknown}
 g - a scroll of fear {unknown}
 i - 3 scrolls of noise {unknown}
 j - 2 scrolls of identify {unknown}
 l - a scroll of magic mapping {unknown}
Potions
 f - 2 potions of curing {unknown}
 h - a potion of lignification {unknown}
 k - a potion of heal wounds {unknown}
 o - a potion of degeneration {unknown}


   Skills:
 - Level 2.0 Fighting
 + Level 6.2 Ranged Weapons
 - Level 2.0 Dodging
 - Level 1.0 Stealth


You had 4 spell levels left.
You didn't know any spells.
Your spell library contained the following spells:

 Spells                   Type           Power      Damage    Failure   Level
 Beastly Appendage        Tmut           0%         N/A       47%         1
 Sting                    Tmut/Pois      0%         1d3       47%         1
 Poisonous Vapours        Pois/Air       0%         N/A       63%         2
 Wereblood                Tmut           0%         N/A       63%         2
 Spider Form              Tmut/Pois      0%         N/A       85%         3
 Olgreb's Toxic Radiance  Pois           0%         N/A       99%         4


Dungeon Overview and Level Annotations

Branches:
Dungeon (3/15)

Altars:
Okawaru
Vehumet


Message History

You shoot an arrow. The orc priest shouts!
The orc misses you.
You shoot an arrow. You shoot an arrow.
You feel less confused.
An orc wizard comes into view. It is wielding a +0 dagger.
The orc hits you with a +0 short sword. The orc closely misses you.
The orc wizard barely misses you.
The orc wizard moves out of view.
You shoot an arrow. The arrow barely misses the orc wizard.
Something hits you. The orc hits you with a +0 short sword.
The orc wizard misses you.
You shoot an arrow.
The arrow closely misses the orc wizard.
You hear a shout!
The orc wizard misses you. Something hits you.
An orc comes into view. It is wielding a +0 hand axe.
The orc hits you with a +0 short sword.
You shoot an arrow. The arrow hits the orc wizard.
The orc wizard is moderately wounded.
The orc wizard misses you. Something hits you.
The orc hits you but does no damage.
You shoot an arrow. The arrow misses the orc wizard.
An orc comes into view. It is wielding a +0 mace.
Something hits you.
The orc wizard gestures at you while chanting.
The puff of flame hits you! The orc barely misses you.
The orc hits you with a +0 short sword. Something hits you.
You are too injured to fight recklessly!
You are too injured to fight recklessly!
You are too injured to fight recklessly!
A goblin comes into view. It is wielding a +0 dagger.
The orc wizard hits you with a +0 dagger.
* * * LOW HITPOINT WARNING * * *
An orc comes into view. It is wielding a +0 flail.
The orc closely misses you.
The orc wizard attacks as you move away!
The orc wizard hits you but does no damage.
The orc priest mumbles some strange prayers to Beogh against you.
Beogh smites you!
You die...

g.........#.#
......$#.....#
.............
.....#._.#..####.
.................
........#....o..o.
...........o..#.#.#
...........o#o.....
........@.o....#..
#.......#......#.
#....).##.#......
#................
#................
#.....##.....#...
#................
###......###......
#.†)###..# .#####


You could see an orc priest, an orc wizard and 3 orcs.

Vanquished Creatures
  Terence (D:2)
  2 adders (D:2)
  2 worms (D:2)
  An orc (D:3)
  A ball python (D:2)
  2 bats (D:2)
  9 endoplasms
  8 giant cockroaches
  6 goblins
  6 hobgoblins
  9 jackals
  A kobold (D:2)
  A quokka (D:1)
  4 frilled lizards
  9 rats
62 creatures vanquished.

Notes
Turn   | Place    | Note
-------+----------+-------------------------------------------
     0 | D:1      | leoleoleoleo212121 the Human Hunter began the quest for the
                  | Orb.
     0 | D:1      | Reached XP level 1. HP: 16/16 MP: 1/1
     1 | D:1      | Found a runed translucent door.
   437 | D:1      | Reached XP level 2. HP: 22/22 MP: 2/2
   531 | D:1      | Found a faded altar of an unknown god.
   605 | D:1      | Prayed at the altar of an unknown god.
   605 | D:1      | Became a worshipper of Warmaster Okawaru
   605 | D:1      | Reached * piety under Okawaru
   882 | D:1      | Reached XP level 3. HP: 25/27 MP: 3/3
   898 | D:1      | Reached skill level 5 in Ranged Weapons
  1025 | D:2      | Reached XP level 4. HP: 33/33 MP: 4/4
  1657 | D:2      | Noticed Terence
  1667 | D:2      | Killed Terence
  1668 | D:2      | Reached skill level 6 in Ranged Weapons
  1668 | D:2      | Reached XP level 5. HP: 24/38 MP: 5/5
  2080 | D:3      | Found a radiant altar of Vehumet.
  2099 | D:3      | Killed from afar by an orc priest

Illustrated notes

Levels and vault maps discovered:
D:1:      dpeg_arrival_caged_fury, layout_loops_corners,
          ebering_ecumenical_altar_box, st_stairs_2, dreamdust_princess_bridge
D:2:      layout_basic, uniq_terence
D:3:      layout_rooms, vehumet_altar_wand_db,
          chequers_temple_overflow_minitemple, minmay_mini_jars

Skill      XL: |  1  2  3  4 |
---------------+-------------+-----
Ranged Weapons | 5 6 |  6.2
Fighting       | |  2.0
Dodging        | |  2.0
Stealth        | |  1.0

Action                     |  1- 3 |  4- 6 || total
---------------------------+-------+-------++-------
   Fire: Shortbow          |    82 |    83 ||   165
 Armour: Leather armour    |    19 |    11 ||    30
  Dodge: Dodged            |    46 |    30 ||    76
